 Dungeon Crawl Stone Soup version 0.26.0-45-g9c1d065592 (webtiles) character file.

Game seed: 697908894475041910

7161 mef the Thaumaturge (level 10, -17/50 HPs)
             Began as a Deep Elf Hedge Wizard on Jan 30, 2021.
             Was a Follower of Sif Muna.
             Demolished by Snorg (20 damage)
             ... on level 11 of the Dungeon.
             The game lasted 02:26:14 (19909 turns).

mef the Thaumaturge (Deep Elf Hedge Wizard)        Turns: 19909, Time: 02:26:15

Health: -17/50     AC:  8    Str:  3      XL:     10   Next: 86%
Magic:  14/26      EV: 15    Int: 22 (23) God:    Sif Muna [*.....]
Gold:   460        SH:  0    Dex: 13 (14) Spells: 0/29 levels left

rFire    . . .     SeeInvis .   j - +2 dagger (venom)
rCold    . . .     Faith    .   (no shield)
rNeg     . . .     Spirit   .   b - +0 robe
rPois    +         Reflect  .   e - +2 hat
rElec    .         Harm     .   N - +0 cloak (curse)
rCorr    .         Rampage  .   (no gloves)
Will     +....     Rnd*Rage +   r - +2 pair of boots
Stlth    ++++......             R - amulet of magic regeneration
HPRegen  0.16/turn              p - ring of poison resistance
MPRegen  0.45/turn              Q - ring of flight

@: no status effects
A: horns 1, berserk 1, blurry vision 3, deterioration 1, screaming 2, weak 2, no
potion heal 1
a: Renounce Religion, Evoke Flight, Channel Magic


You were on level 11 of the Dungeon.
You worshipped Sif Muna.
Sif Muna was aware of your devotion.
You visited 2 branches of the dungeon, and saw 12 of its levels.

You collected 692 gold pieces.
You spent 210 gold pieces at shops.
You donated 22 gold pieces to Zin.

Inventory:

Hand Weapons
 j - a +2 dagger of venom (weapon)
 B - a +2 spectral quarterstaff
 G - a +3 short sword of venom
 U - a +4 short sword
Missiles
 d - 123 sling bullets
 s - 2 throwing nets
 t - 359 stones
 u - 17 boomerangs
 H - 161 arrows
Armour
 b - a +0 robe (worn)
 c - a +0 hat
 e - a +2 hat (worn)
 r - a +2 pair of boots (worn)
 N - a cursed +0 cloak (worn)
Jewellery
 p - a ring of poison resistance (left hand)
 O - an uncursed amulet of magic regeneration
 Q - a ring of flight (right hand)
 R - an amulet of magic regeneration (around neck)
 S - an uncursed amulet of regeneration {unknown}
Wands
 x - a wand of digging (8)
 y - a wand of random effects (18)
 I - a wand of acid (4)
 M - a wand of paralysis (11)
 T - a wand of polymorph (5)
Scrolls
 a - 3 scrolls of amnesia
 f - 3 scrolls of fear
 g - 3 scrolls of remove curse
 h - 2 scrolls of magic mapping
 i - 4 scrolls of immolation
 k - 2 scrolls of enchant weapon
 l - 5 scrolls of enchant armour
 n - 3 scrolls of fog
 o - a scroll of teleportation
 C - a scroll of noise
 D - a scroll of torment
 E - a scroll of vulnerability {unknown}
 J - a scroll of summoning {unknown}
 L - a scroll of blinking {unknown}
Potions
 m - a potion of cancellation {unknown}
 q - a potion of heal wounds
 v - 2 potions of invisibility
 w - 3 potions of attraction {unknown}
 z - 2 potions of brilliance {unknown}
 A - a potion of haste {unknown}
 F - 3 potions of degeneration {unknown}
 K - 7 potions of ambrosia {unknown}
 P - 2 potions of resistance {unknown}


   Skills:
 - Level 0.2 Fighting
 - Level 0.7 Short Blades
 + Level 6.5 Dodging
 + Level 7.4 Stealth
 + Level 10.4 Spellcasting
 + Level 6.4 Conjurations
 + Level 6.2 Hexes
 * Level 7.2 Summonings
 + Level 4.2 Necromancy
 - Level 4.1 Translocations
 - Level 0.1 Fire Magic
 + Level 2.2 Ice Magic
 - Level 4.3 Poison Magic
 + Level 3.1 Invocations
 + Level 3.0 Evocations


You couldn't memorise any spells.
You knew the following spells:

 Your Spells              Type           Power        Failure   Level
a - Magic Dart            Conj           100%         1%          1
b - Call Imp              Summ           43%          1%          2
c - Blink                 Tloc           N/A          1%          2
e - Slow                  Hex            38%          1%          2
f - Conjure Flame         Conj/Fire      25%          4%          3
k - Animate Skeleton      Necr           60%          1%          1
l - Summon Guardian Gole  Hex/Summ       41%          1%          3
m - Summon Lightning Spi  Summ/Air       27%          13%         4
n - Summon Ice Beast      Ice/Summ       32%          9%          4
q - Mephitic Cloud        Conj/Pois/Air  27%          4%          3
s - Vampiric Draining     Necr           15%          3%          3
w - Pain                  Necr           100%         1%          1

Your spell library contained the following spells:

 Spells                   Type           Power        Failure   Level
 Summon Small Mammal      Summ           100%         1%          1
 Call Canine Familiar     Summ           43%          1%          3
 Animate Dead             Necr           15%          10%         4
 Agony                    Necr           30%          28%         5


Dungeon Overview and Level Annotations

Branches:
Dungeon (11/15)            Temple (1/1) D:5            Lair (0/6) D:9
    Orc: D:9-12

Altars:
Ashenzari
Cheibriados
Dithmenos
Elyvilon
Fedhas
Gozag
Hepliaklqana
Kikubaaqudgha
Makhleb
Nemelex Xobeh
Okawaru
Qazlal
Ru
Sif Muna
Trog
Uskayaw
Vehumet
Wu Jian
Xom
Yredelemnul
Zin
The Shining One

Shops:
D:5 *=(*(   D:6 (   D:9 (

Annotations:
D:5 shops
D:10 2 runed translucent doors, kelmiir's ghost, journeyman GrFi
D:11 Snorg


Innate Abilities, Weirdness & Mutations

You have a pair of small horns on your head.
You tend to lose your temper in combat.
Scrolls take you much longer to read.
Your body sometimes deteriorates upon taking damage.
You sometimes yell uncontrollably at your foes.
You are very weak. (Str -4)
Potions are less effective at restoring your health.


Message History

The floor.
Casting: Summon Ice Beast (dangerous; 9% risk of failure)
Confirm with . or Enter, or press ? or * to list all spells.
Aiming: Mephitic Cloud (dangerous; 4% risk of failure)
Press: ? - help, Shift-Dir - straight line, f - Snorg
Aim: Snorg (berserk)
The ball explodes into a vile cloud!
The stinking cloud engulfs Snorg but does no damage.
The stinking cloud engulfs the water moccasin but does no damage.
You hear a shout!
You hear a bellow!
Snorg is engulfed in noxious fumes.
Snorg appears confused.
Snorg is engulfed in noxious fumes.
Snorg appears confused.
The bullfrog is engulfed in noxious fumes.
The bullfrog appears confused.
The bullfrog barely misses the water moccasin.
The bullfrog hits itself.
Snorg is engulfed in noxious fumes.
Snorg appears confused.
The bullfrog is engulfed in noxious fumes.
The bullfrog appears confused.
Snorg closely misses you. Snorg claws you!!
You die...

### #.. #.. #.. #.. #..
#..
######################.)
#......@TS○FY.Jl..÷..)..
#.############l....###..
####.....#####
.l...........#
###.....###.# #.....#
#.Y #.....# ##. #######
#Y #.


You could see Snorg (berserk, confused), a komodo dragon, a yak, a water
moccasin, a bullfrog (confused) and a jelly.

Vanquished Creatures
  A komodo dragon (D:11)
  A centaur skeleton (D:10)
  A yaktaur (D:7)
  A queen bee (D:8)
  A yak (D:9)
  A wyvern (D:8)
  A water moccasin (D:6)
  6 orc warriors
  3 ice beasts
  An ogre (D:10)
  3 phantoms
  4 centaurs
  3 bullfrogs
  A water moccasin zombie (D:7)
  A water moccasin skeleton (D:9)
  19 killer bees
  2 jellies
  3 wights (D:6)
  4 howler monkeys
  A centaur zombie (D:7)
  A bullfrog skeleton (D:9)
  14 orc wizards
  6 orc priests
  6 hounds
  4 iguanas
  7 worker ants
  A killer bee zombie (D:9)
  A worker ant zombie (D:9)
  A gnoll (D:3)
  5 adders
  2 white imps
  3 oozes (D:1)
  An adder zombie (D:9)
  2 worms
  2 dart slugs
  8 leopard geckos
  30 orcs
  2 ball pythons
  7 giant cockroaches
  6 goblins
  5 hobgoblins
  8 jackals
  4 quokkas
  13 bats
  6 frilled lizards
  5 kobolds
  2 leopard gecko skeletons
  A quokka skeleton (D:9)
  A quokka zombie (D:6)
  3 rats
215 creatures vanquished.

Vanquished Creatures (collateral kills)
  A manticore (D:11)
  Maurice (D:8)
  A troll (D:11)
  A vampire (D:9)
  2 yaks (D:11)
  A wyvern (D:8)
  A water moccasin (D:10)
  2 ice beasts
  An eye of draining (D:10)
  A black bear (D:6)
  A necrophage (D:10)
  5 ogres
  The ghost of dze the Insei, an amateur MfTm (D:3)
  A wyvern zombie (D:10)
  A water moccasin skeleton (D:6)
  3 wights (D:5)
  4 killer bees (D:9)
  3 howler monkeys
  2 centaur zombies
  A jelly (D:11)
  2 hounds
  An orc priest (D:2)
  An orc wizard (D:4)
  An iguana (D:9)
  2 worker ants
  A hound zombie (D:5)
  5 gnolls
  An adder (D:2)
  8 orcs
  2 goblins (D:2)
  4 jackals
  A quokka (D:4)
  A leopard gecko skeleton (D:6)
  A rat (D:3)
65 creatures vanquished.

Vanquished Creatures (others)
  A goblin (D:3)
  3 fungi (D:8)
  25 plants
29 creatures vanquished.

Grand Total: 309 creatures vanquished

Notes
Turn   | Place    | Note
-------+----------+-------------------------------------------
     0 | D:1      | mef the Deep Elf Hedge Wizard began the quest for the Orb.
     0 | D:1      | Reached XP level 1. HP: 10/10 MP: 7/7
   112 | D:1      | Reached skill level 5 in Spellcasting
   236 | D:1      | Reached XP level 2. HP: 15/15 MP: 3/10
  1119 | D:1      | Reached XP level 3. HP: 18/19 MP: 4/12
  1138 | D:1      | Learned a level 2 spell: Call Imp
  1183 | D:1      | Learned a level 2 spell: Blink
  1187 | D:1      | Learned a level 3 spell: Mephitic Cloud
  1190 | D:1      | Learned a level 2 spell: Slow
  1194 | D:1      | Learned a level 3 spell: Conjure Flame
  1840 | D:2      | Reached skill level 6 in Spellcasting
  1840 | D:2      | Reached XP level 4. HP: 24/24 MP: 7/14
  2262 | D:2      | Found a radiant altar of Vehumet.
  2263 | D:2      | Found an ancient bone altar of Kikubaaqudgha.
  2767 | D:2      | Reached XP level 5. HP: 28/28 MP: 11/16
  3139 | D:3      | Found an opulent altar of Gozag.
  3468 | D:3      | Reached skill level 7 in Spellcasting
  3718 | D:3      | Found a runed translucent door.
  3718 | D:3      | Noticed dze's ghost (amateur MfTm)
  3753 | D:3      | Killed dze's ghost
  3858 | D:3      | Found a bloodstained altar of Trog.
  3918 | D:3      | Reached skill level 1 in Poison Magic
  3918 | D:3      | Reached XP level 6. HP: 14/32 MP: 2/18
  5303 | D:4      | Found an ornate altar of the Wu Jian Council.
  5745 | D:4      | Reached skill level 8 in Spellcasting
  5745 | D:4      | Reached XP level 7. HP: 36/36 MP: 10/20
  6163 | D:5      | Entered Level 5 of the Dungeon
  6422 | D:5      | Found a staircase to the Ecumenical Temple.
  6424 | D:5      | Found Fupneic's Weapon Shoppe.
  6470 | D:5      | You fall into a shaft and drop 1 floor!
  6932 | Temple   | Entered the Ecumenical Temple
  6955 | Temple   | Became a worshipper of Zin the Law-Giver
  6955 | Temple   | Reached * piety under Zin
  6977 | Temple   | Fell from the grace of Zin
  6977 | Temple   | Became a worshipper of Xom of Chaos
  7020 | D:5      | XOM: silly message
  7046 | D:5      | XOM: silly message
  7059 | D:5      | Found Ischilum's Assorted Antiques.
  7064 | D:5      | Bought a blackened jade ring for 150 gold pieces
  7064 | D:5      | Bought a scroll labelled VUASHUERUD for 30 gold pieces
  7064 | D:5      | Bought a scroll labelled KAOWIA KIPHUC for 30 gold pieces
  7166 | D:5      | Found Niosaw's Assorted Antiques.
  7204 | D:5      | Found Soczass's Antique Weapon Shop.
  7239 | D:5      | XOM: 4-stop teleportation journey
  7597 | D:5      | Found Beazoun's Jewellery Boutique.
  7783 | D:5      | XOM: noise
  8127 | D:6      | XOM is BORED!
  8127 | D:6      | XOM: 2-stop teleportation journey
  8131 | D:6      | Reached skill level 1 in Hexes
  8173 | D:6      | XOM: confusion (+ monsters)
  8176 | D:6      | XOM: cleaving
  8239 | D:6      | Found Petzesiy's Weapon Shop.
  8239 | D:6      | XOM: 3-stop teleportation journey
  8322 | D:6      | XOM: noise
  8637 | D:6      | Reached XP level 8. HP: 41/41 MP: 6/22
  8644 | D:6      | XOM: noise
  8754 | D:6      | XOM: swap monsters
  8761 | D:6      | Found a hazy altar of Hepliaklqana.
  8879 | D:5      | XOM: god gift: 20 arrows
  8920 | D:5      | XOM: noise
  9102 | D:5      | XOM: cloud trail
  9166 | D:6      | XOM: potion effect (curing)
  9184 | D:6      | Gained mutation: Armour fits poorly on your strangely
                  | shaped body. [mutagenic glow]
  9200 | D:6      | Gained mutation: You are frail. (-10% HP) [mutagenic glow]
  9207 | D:6      | Gained mutation: Your magical capacity is low. (-10% MP)
                  | [mutagenic glow]
  9216 | D:6      | Gained mutation: Scrolls take you a little longer to read.
                  | [mutagenic glow]
  9231 | D:6      | Gained mutation: Scrolls take you longer to read.
                  | [mutagenic glow]
  9251 | D:6      | Gained mutation: You are clumsy. (Dex -2) [mutagenic glow]
  9264 | D:6      | Gained mutation: Potions are less effective at restoring
                  | your health. [mutagenic glow]
  9278 | D:6      | Gained mutation: You occasionally shout uncontrollably at
                  | your foes. [mutagenic glow]
  9295 | D:6      | Gained mutation: Your body sometimes deteriorates upon
                  | taking damage. [mutagenic glow]
  9301 | D:6      | XOM: noise
  9319 | D:6      | XOM: noise
  9547 | D:6      | XOM: god gift: 28 gold pieces
  9590 | D:6      | XOM: give mutations
  9590 | D:6      | Gained mutation: Your flesh is heat resistant. (rF+) [Xom's
                  | grace]
  9590 | D:6      | Lost mutation: You are frail. (-10% HP) [Xom's grace]
  9590 | D:6      | Gained mutation: Your flesh is very heat resistant. (rF++)
                  | [Xom's grace]
  9654 | D:6      | XOM: swap monsters
  9904 | D:7      | Noticed Harold
  9906 | D:7      | XOM: snakes to sticks
 10444 | D:7      | Lost mutation: Your flesh is very heat resistant. (rF++)
                  | [the wrath of Zin]
 10444 | D:7      | Lost mutation: Your flesh is heat resistant. (rF+) [the
                  | wrath of Zin]
 10699 | D:6      | XOM: torment (22/41 hp)
 10793 | D:6      | XOM: summons 1 hostile shadow creature
 10915 | D:7      | Reached skill level 5 in Stealth
 10950 | D:7      | XOM: potion effect (might)
 10960 | D:7      | Noticed Harold
 10960 | D:7      | Harold changed into Harold the yaktaur
 10960 | D:7      | XOM: polymorph Harold -> Harold the yaktaur
 11098 | D:6      | XOM: give mutations
 11098 | D:6      | Lost mutation: Armour fits poorly on your strangely shaped
                  | body. [Xom's mischief]
 11098 | D:6      | Lost mutation: You are clumsy. (Dex -2) [Xom's mischief]
 11118 | D:6      | Reached skill level 9 in Spellcasting
 11192 | D:7      | XOM: 1-stop teleportation journey
 11581 | D:7      | Reached skill level 5 in Summonings
 11824 | D:7      | XOM: torment (22/41 hp)
 11895 | D:7      | XOM: give mutations
 11895 | D:7      | Lost mutation: Your body sometimes deteriorates upon taking
                  | damage. [Xom's mischief]
 11895 | D:7      | Gained mutation: You are frail. (-10% HP) [Xom's mischief]
 11895 | D:7      | Lost mutation: You are frail. (-10% HP) [Xom's mischief]
 12019 | D:7      | XOM: blink monster(s)
 12027 | D:7      | XOM: give mutation
 12027 | D:7      | Gained mutation: Scrolls take you much longer to read.
                  | [Xom's mischief]
 12207 | D:7      | XOM: noise
 12588 | D:7      | Killed Harold the yaktaur
 12589 | D:7      | Reached XP level 9. HP: 45/45 MP: 8/22
 12833 | D:7      | Paralysed by the wrath of Zin for 6 turns
 13110 | D:8      | Was forgiven by Zin
 13375 | D:8      | Found a snail-covered altar of Cheibriados.
 13375 | D:8      | XOM: 2-stop teleportation journey
 13376 | D:8      | XOM: fake destruction
 13394 | D:8      | Reached skill level 5 in Dodging
 13588 | D:8      | Found a snail-covered altar of Cheibriados.
 13596 | D:8      | Reached skill level 5 in Conjurations
 13641 | D:8      | XOM: confuse monster(s)
 13803 | D:8      | XOM: 3-stop teleportation journey
 13846 | D:8      | Found a sacrificial altar of Ru.
 13966 | D:8      | Noticed Maurice
 13971 | D:8      | XOM: fog
 13973 | D:8      | Found an iron altar of Okawaru.
 13975 | D:8      | XOM: destruction
 13975 | D:8      | XOM: smoke on damage
 14109 | D:8      | XOM: god gift: 17 gold pieces
 14212 | D:8      | XOM: scenery: create altars
 14368 | D:8      | XOM: confuse monster(s)
 14506 | D:8      | Killed Maurice
 14574 | D:8      | XOM: scenery: summon butterflies
 14613 | D:8      | XOM: cloud trail
 14852 | D:9      | Found a stormy altar of Qazlal.
 14855 | D:9      | Found a staircase to the Lair.
 14930 | D:9      | XOM: summons 5 friendly demons
 15013 | D:9      | Learned a level 1 spell: Animate Skeleton
 15015 | D:9      | Learned a level 1 spell: Pain
 15019 | D:9      | Learned a level 3 spell: Vampiric Draining
 15026 | D:9      | XOM: scenery: 1 doors open
 15127 | D:9      | XOM: scenery: 2 doors open
 15229 | D:9      | Found a basalt altar of Yredelemnul.
 15267 | D:9      | Found Nish's Antique Weapon Boutique.
 15305 | D:9      | XOM: summons friendly quasit
 15305 | D:9      | Noticed a queen bee
 15324 | D:9      | XOM: enchant monster (bad)
 15328 | D:9      | Reached skill level 1 in Necromancy
 15400 | D:8      | XOM: give mutations
 15400 | D:8      | Lost mutation: Scrolls take you much longer to read. [Xom's
                  | mischief]
 15400 | D:8      | Gained mutation: Scrolls take you much longer to read.
                  | [Xom's mischief]
 15400 | D:8      | Gained mutation: You are dopey. (Int -2) [Xom's mischief]
 15401 | D:8      | Killed a queen bee
 15435 | D:8      | XOM: god gift: amulet of magic regeneration {god gift}
 15505 | D:9      | XOM: smoke on damage
 15766 | D:8      | XOM: give mutation
 15766 | D:8      | Gained mutation: You are weak. (Str -2) [Xom's mischief]
 15831 | D:8      | Reached skill level 5 in Hexes
 15897 | D:9      | Reached skill level 1 in Invocations
 15897 | D:9      | Reached skill level 1 in Evocations
 15999 | D:9      | XOM: summons 5 hostile demons
 16104 | D:8      | XOM: divination: magic mapping
 16386 | D:9      | XOM: fog
 16452 | D:9      | Reached XP level 10. HP: 45/50 MP: 13/23
 16619 | D:9      | XOM: enchant monster (bad)
 16816 | D:9      | Reached skill level 10 in Spellcasting
 17097 | D:9      | Found a shimmering blue altar of Sif Muna.
 17100 | D:9      | Fell from the grace of Xom
 17100 | D:9      | Became a worshipper of Sif Muna the Loreminder
 17483 | D:9      | Learned a level 4 spell: Summon Lightning Spire
 17487 | D:9      | Learned a level 3 spell: Summon Guardian Golem
 17492 | D:9      | Learned a level 4 spell: Summon Ice Beast
 17543 | D:10     | Entered Level 10 of the Dungeon
 17895 | D:10     | XOM: stat loss: -3 Str (2/5)
 17989 | D:10     | Reached skill level 1 in Ice Magic
 18098 | D:10     | Noticed kelmiir's ghost (journeyman GrFi)
 18100 | D:10     | Noticed a necromancer
 18100 | D:10     | Noticed a fire dragon
 18101 | D:10     | Noticed a stone giant
 18221 | D:10     | Found a runed translucent door.
 18221 | D:10     | Noticed a lich
 18406 | D:10     | Reached * piety under Sif Muna
 18434 | D:10     | Found a runed translucent door.
 18473 | D:10     | Found a stormy altar of Qazlal.
 18824 | D:10     | XOM: give mutations
 18824 | D:10     | Lost mutation: You are dopey. (Int -2) [Xom's mischief]
 18824 | D:10     | Lost mutation: Scrolls take you much longer to read. [Xom's
                  | mischief]
 18885 | D:10     | XOM: give mutations
 18885 | D:10     | Gained mutation: Your body sometimes deteriorates upon
                  | taking damage. [Xom's mischief]
 18885 | D:10     | Gained mutation: You tend to lose your temper in combat.
                  | [Xom's mischief]
 18885 | D:10     | Gained mutation: Scrolls take you much longer to read.
                  | [Xom's mischief]
 18885 | D:10     | Gained mutation: You are very weak. (Str -4) [Xom's
                  | mischief]
 19418 | D:10     | XOM: give mutations
 19418 | D:10     | Gained mutation: You sometimes yell uncontrollably at your
                  | foes. [Xom's mischief]
 19418 | D:10     | Lost mutation: Your magical capacity is low. (-10% MP)
                  | [Xom's mischief]
 19418 | D:10     | Gained mutation: You have a pair of small horns on your
                  | head. [Xom's mischief]
 19667 | D:11     | Noticed a manticore
 19688 | D:11     | Killed a manticore
 19689 | D:11     | XOM: blink monster(s)
 19895 | D:11     | Noticed Snorg
 19905 | D:11     | HP: 2/50 [Snorg (1)]
 19909 | D:11     | Demolished by Snorg

Illustrated notes

Levels and vault maps discovered:
D:1:      grunt_arrival_crossed_arrows, layout_loops_ring
D:2:      layout_loops_ring, grunt_temple_overflow_open, serial_bayou_ford_a,
          minmay_misc_feat_secret_circle, minmay_misc_feat_roman
D:3:      layout_basic, nicolae_overflow_crystal_walls, bloody_trog,
          hellmonk_ghost_happy_afterlife, grunt_ministairs_13
D:4:      layout_gridville, nzn_wu_jian_contemplation
D:5:      layout_layer_cave, minmay_temple_entry_proselytizer, serial_shops,
          shop, shop, nicolae_shop_trees, kennysheep_little_box,
          nicolae_shop_temple_entry_statues_fountains, supply_closet_lemuel
D:6:      layout_basic, kennysheep_mini, kennysheep_windowed_goal
D:7:      layout_gridville, uniq_harold
D:8:      layout_basic, nicolae_overflow_hidden_temple,
          nicolae_ru_the_path_less_chosen, basic_altar,
          okawaru_metal_pillars_1_2, uniq_maurice
D:9:      layout_roguey [special_room_bee], marbit_many_paths,
          overflow_temple_1_default, lemuel_blue_sif_altar, lair_entry_dummy,
          serial_shops, shop, minmay_fractal_squares_gapless_5
D:10:     layout_basic, muffindrake_ghost_dual_entry, chequers_decorated_corner,
          grunt_qazlal_sundering
D:11:     layout_basic, orc_0_dummy, uniq_snorg
Temple:   minmay_freezing_vapour_temple

Skill      XL: |  1  2  3  4  5  6  7  8  9 10 |
---------------+-------------------------------+-----
Spellcasting   | 5 6 7 8 9 10 | 10.4
Conjurations   | 2 3 4 5 6 |  6.4
Summonings     | 2 3 4 5 6 7 |  7.2
Poison Magic   | 1 2 3 4 |  4.3
Dodging        | 3 4 5 6 |  6.5
Stealth        | 3 4 5 6 7 |  7.4
Hexes          | 1 3 5 6 |  6.2
Translocations | 2 3 4 |  4.1
Necromancy     | 2 4 |  4.2
Invocations    | 1 3 |  3.1
Evocations     | 1 3 |  3.0
Ice Magic      | 2 |  2.2
Fighting       | |  0.2
Short Blades   | |  0.7
Fire Magic     | |  0.1

Action                   |  1- 3 |  4- 6 |  7- 9 | 10-12 || total
-------------------------+-------+-------+-------+-------++-------
Melee: Dagger            |     7 |    24 |    77 |   153 ||   261
       Rapier            |       |     4 |    16 |       ||    20
       Headbutt          |       |       |       |     4 ||     4
Throw: Boomerang         |       |     2 |       |     1 ||     3
 Cast: Magic Dart        |    84 |   146 |   251 |    98 ||   579
       Call Imp          |     1 |    35 |   121 |    10 ||   167
       Conjure Flame     |     1 |     4 |    23 |     7 ||    35
       Mephitic Cloud    |       |     5 |    31 |    28 ||    64
       Slow              |       |     1 |    12 |     1 ||    14
       Blink             |       |       |    21 |     8 ||    29
       Pain              |       |       |     7 |     7 ||    14
       Summon Ice Beast  |       |       |       |    14 ||    14
       Animate Skeleton  |       |       |       |     9 ||     9
       Summon Lightning  |       |       |       |     9 ||     9
       Summon Guardian G |       |       |       |     1 ||     1
Invok: Channel Magic     |       |       |       |     2 ||     2
  Use: Scroll            |       |     2 |    16 |     1 ||    19
       Potion            |       |       |     8 |       ||     8
 Stab: Sleeping          |       |     4 |     8 |       ||    12
       Confused          |       |     1 |     6 |     7 ||    14
       Distracted        |       |       |       |     1 ||     1
Armor: Robe              |     3 |    10 |    47 |    45 ||   105
Dodge: Dodged            |    39 |    46 |   169 |   129 ||   383
